Map: Interloper LE

Players

Neeb - Winner!

  • Race: Protoss Protoss
  • Spawn Location: 11:00

TRUE

  • Race: Zerg Zerg
  • Spawn Location: 5:00

Event: WCS Montreal 2017

VOD

Have the link to the VOD?

Description

Time

  • Played on: Sept. 10, 2017, 10:50 a.m.
  • Length: 8:38

All games in this series

Show
View Real Time Build Order
Export as new Build Order

Neeb Protoss - Winner!

Build Orders: 1 Gate Expand, Mass Phoenix 

Get SALT Encoding   

  12  0:01  Probe (Chrono Boost)  
  13  0:11  Probe (Chrono Boost)  
  14  0:18  Pylon  
  14  0:22  Probe (Chrono Boost)  
  15  0:36  Probe (Chrono Boost)  
  15  0:40  Gateway  
  16  0:47  Probe (Chrono Boost)  
  16  0:48  Assimilator  
  17  0:57  Probe (Chrono Boost)  
  18  1:08  Probe (Chrono Boost)  
  20  1:18  Probe (Chrono Boost)  
  20  1:25  Nexus  
  20  1:34  Cybernetics Core  
  20  1:38  Probe (Chrono Boost)  
  21  1:46  Assimilator  
  21  1:48  Probe (Chrono Boost)  
  21  1:52  Pylon  
  22  1:59  Probe (Chrono Boost)  
  23  2:10  Probe (Chrono Boost)  
  23  2:11  Adept (Chrono Boost)  
  23  2:12  Warp Gate (Chrono Boost)  
  26  2:22  Probe, Twilight Council  
  27  2:34  Probe  
  27  2:35  Adept (Chrono Boost)  
  27  2:36  Probe  
  31  2:46  Probe x2  
  31  2:50  Resonating Glaives (Chrono Boost)  
  33  2:57  Adept (Chrono Boost)  
  33  2:58  Probe  
  33  2:59  Probe  
  37  3:11  Gateway  
  37  3:14  Gateway  
  37  3:17  Probe x2  
  39  3:22  Adept  
  41  3:29  Probe x2  
  43  3:34  Pylon  
  43  3:38  Assimilator  
  43  3:40  Assimilator  
  43  3:41  Probe x2  
  45  3:53  Probe x2 (Chrono Boost)  
  47  3:57  Stargate  
  47  3:58  Stargate  
  47  4:06  Pylon  
  47  4:09  Adept x2  
  51  4:10  Adept  
  53  4:19  Probe (Chrono Boost)  
  53  4:22  Pylon  
  53  4:24  Probe (Chrono Boost)  
  55  4:25  Protoss Air Weapons Level 1 (Chrono Boost)  
  55  4:29  Adept  
  55  4:30  Pylon  
  57  4:36  Probe  
  58  4:43  Phoenix x2 (Chrono Boost)  
  62  4:46  Probe  
  62  4:48  Probe  
  64  4:59  Probe  
  65  5:01  Probe  
  65  5:05  Phoenix x2 (Chrono Boost), Pylon  
  70  5:11  Probe  
  71  5:20  Mothership Core  
  73  5:27  Phoenix x2 (Chrono Boost)  
  77  5:28  Pylon  
  77  5:29  Adept x2  
  77  5:31  Adept  
  83  5:44  Nexus  
  85  5:52  Phoenix (Chrono Boost)  
  85  5:56  Phoenix (Chrono Boost)  
  87  5:59  Probe  
  87  6:03  Adept  
  87  6:04  Adept x2  
  94  6:15  Pylon  
  94  6:20  Pylon  
  94  6:23  Pylon  
  94  6:33  Probe x2  
  94  6:34  Phoenix x2 (Chrono Boost)  
  100  6:45  Probe x2  
  102  6:49  Robotics Facility  
  102  6:51  Robotics Facility  
  100  6:57  Probe  
  100  6:58  Probe  
  100  7:00  Phoenix (Chrono Boost)  
  102  7:07  Adept x2  
  104  7:08  Probe  
  104  7:09  Adept  
  104  7:10  Probe x2, Pylon  
  101  7:19  Probe  
  101  7:20  Phoenix (Chrono Boost)  
  101  7:21  Phoenix (Chrono Boost)  
  101  7:22  Probe x2  
  96  7:26  Assimilator  
  96  7:27  Assimilator  
  92  7:30  Probe  
  92  7:31  Sentry x2  
  92  7:34  Probe x2  
  97  7:38  Immortal (Chrono Boost)  
  105  7:44  Immortal (Chrono Boost)  
  105  7:46  Probe x2  
  105  7:48  Adept  
  110  7:55  Pylon  
  110  7:56  Adept x2, Pylon  
  113  8:04  Probe  
  108  8:05  Probe  
  108  8:10  Adept  
  109  8:17  Adept x2  
  109  8:18  Probe x2  
Show
View Real Time Build Order
Export as new Build Order

TRUE Zerg 

Build Orders: Hatch First 

Get SALT Encoding   

  12  0:00  Drone  
  13  0:10  Drone  
  14  0:34  Hatchery  
  13  0:37  Drone  
  14  0:44  Overlord  
  14  0:51  Extractor, Drone  
  15  1:03  Drone x2  
  17  1:13  Spawning Pool  
  17  1:16  Extractor  
  15  1:20  Drone  
  15  1:24  Drone  
  17  1:31  Drone  
  18  1:45  Drone  
  19  1:47  Overlord  
  19  1:56  Overlord  
  19  1:59  Drone  
  19  2:00  Queen  
  22  2:10  Queen  
  22  2:14  Drone  
  25  2:20  Metabolic Boost  
  25  2:23  Drone  
  25  2:28  Drone  
  25  2:29  Drone  
  28  2:32  Drone  
  28  2:34  Drone  
  30  2:39  Zergling x2  
  31  2:44  Drone  
  31  2:49  Drone  
  33  2:59  Hatchery  
  33  3:01  Drone  
  33  3:03  Drone  
  33  3:04  Drone  
  35  3:10  Queen  
  35  3:12  Drone  
  38  3:15  Drone  
  38  3:17  Drone  
  40  3:20  Drone  
  41  3:27  Drone  
  41  3:28  Roach Warren  
  41  3:30  Overlord  
  41  3:32  Drone  
  41  3:34  Drone  
  43  3:38  Drone  
  44  3:42  Overlord  
  44  3:55  Drone x2  
  46  3:59  Extractor  
  45  4:08  Roach x5  
  55  4:12  Overlord  
  55  4:15  Zergling x4  
  55  4:16  Zergling x4  
  59  4:17  Zergling x4  
  59  4:18  Zergling x2  
  59  4:22  Zergling x2  
  63  4:27  Zergling x2  
  63  4:29  Zergling x2  
  65  4:33  Queen, Zergling x2  
  68  4:41  Zergling x4  
  68  4:43  Zergling x2  
  69  4:55  Zergling x2  
  69  4:57  Drone x4  
  69  4:58  Overlord x2  
  74  5:01  Overlord  
  74  5:05  Overlord  
  74  5:08  Overlord  
  74  5:18  Drone x8  
  82  5:21  Drone x2  
  82  5:22  Queen x2, Drone x2  
  90  5:31  Drone x2  
  90  5:34  Extractor, Lair  
  91  5:36  Drone  
  91  5:37  Spore Crawler  
  91  5:39  Spore Crawler  
  91  5:40  Spore Crawler  
  91  5:41  Drone x2  
  91  5:44  Drone x2  
  91  5:45  Drone  
  94  5:50  Drone x2  
  94  5:51  Drone  
  94  5:52  Evolution Chamber  
  94  5:54  Drone x2  
  94  5:55  Drone  
  96  5:57  Drone  
  96  5:58  Drone  
  96  6:00  Drone  
  98  6:12  Spore Crawler, Overlord  
  98  6:14  Overlord  
  98  6:17  Zerg Missile Weapons Level 1  
  95  6:20  Overlord  
  95  6:23  Overlord  
  95  6:26  Overlord, Extractor  
  95  6:30  Queen x2  
  95  6:37  Spore Crawler  
  89  6:40  Infestation Pit  
  89  6:42  Drone x6  
  89  6:46  Roach x2  
  89  6:47  Roach x2  
  99  6:48  Roach  
  99  6:49  Roach  
  99  6:50  Roach x2  
  99  6:51  Roach  
  99  6:53  Roach  
  95  6:55  Roach  
  95  6:58  Roach x2  
  93  7:03  Roach  
  93  7:04  Roach  
  93  7:06  Roach  
  46  7:37  Zergling x22  
  46  7:38  Zergling x2  
  58  7:46  Zergling x2  
  58  7:47  Zergling x4  
  58  7:49  Zergling x2  
  62  7:52  Zergling x2  
  62  7:55  Zergling x2  
  62  7:57  Zergling x2  
  61  8:02  Zergling x4  
  55  8:09  Zergling x4  
  55  8:12  Zergling x2  
  49  8:15  Zergling x2  
  49  8:18  Zergling x2  
Tags
 
Add a new tag
Caveats
  • Supply blocks, unpowered buildings, or Contaminate may cause inaccurate times.
  • Supply counts are checked every 10 seconds.